 Dungeon Crawl Stone Soup version 0.29.0-4-gdea44cf6ec (webtiles) character file.

Game seed: 9531597842373059069

247 qw the Chopper (level 5, -4/41 HPs)
             Began as a Demonspawn Cinder Acolyte on Sept 9, 2022.
             Was a High Priest of Ignis.
             Slain by Grinder (5 damage)
             ... while paralysed by Grinder
             ... on level 3 of the Dungeon.
             The game lasted 00:01:01 (3435 turns).

qw the Chopper (Demonspawn Cinder Acolyte)          Turns: 3435, Time: 00:01:02

Health: -4/41      AC: 17    Str: 16    XL:     5   Next: 85%
Magic:  6/6        EV:  2    Int: 16    God:    Ignis [*****.]
Gold:   170        SH:  0    Dex: 14    Spells: 6/6 levels left

rFire   + . .      SeeInvis .   f - +0 war axe
rCold   . . .      Faith    .   (no shield)
rNeg    . . .      Spirit   .   e - +0 chain mail
rPois   +          Reflect  .   (no helmet)
rElec   .          Harm     .   (no cloak)
rCorr   .          Rampage  .   (no gloves)
Will    .....                   (no boots)
Stlth   ..........              (no amulet)
HPRegen 0.13/turn               c - +6 ring of dexterity
MPRegen 0.10/turn               a - ring of poison resistance

@: paralysed, fiery-armoured
A: icy blue scales 1, foul stench 1
a: Renounce Religion, Fiery Armour, Foxfire Swarm, Rising Flame


You were on level 3 of the Dungeon.
You worshipped Ignis.
Ignis was extremely pleased with you.
You visited 1 branch of the dungeon, and saw 3 of its levels.

You collected 170 gold pieces.


Innate Abilities, Weirdness & Mutations

You are partially covered in icy blue scales. (AC +2)
You may rarely emit foul miasma when damaged in melee.


   Skills:
 - Level 3.0 Fighting
 - Level 5.8 Axes
 + Level 0.8 Armour
 - Level 0.8 Dodging
 - Level 1.0 Spellcasting
 - Level 2.6 Fire Magic


You had 6 spell levels left.
You didn't know any spells.
Your spell library contained the following spells:

 Spells                   Type           Power      Damage    Failure   Level
 Scorch                   Fire           18%        2d5       93%         2

Inventory:

Hand Weapons
 d - a -1 hand axe of flaming
 f - a +0 war axe (weapon)
Armour
 e - a +0 chain mail (worn)
 h - a +0 cloak
Jewellery
 a - a ring of poison resistance (right hand)
 c - a +6 ring of dexterity (left hand)
 Y - a ring of willpower
Scrolls
 g - a scroll of enchant weapon {unknown}
 j - a scroll of magic mapping {unknown}
 k - 2 scrolls of identify
Potions
 b - a potion of resistance

Dungeon Overview and Level Annotations

Branches:
Dungeon (3/15)

Altars:

Annotations:
D:2 1 runed translucent door, Crazy Yiuf
D:3 Grinder


Message History

Grinder is moderately wounded.
Grinder zaps a wand.
The roots erupt in riotous growth!
The grasping roots grab you!
Grinder is unaffected.
The grasping roots constrict you!
3429 ||| INVOKING Fiery Armour.
A protective cloak of flame settles atop you.
Grinder hits you.
You writhe in agony.
Grinder is burned by your cloak of flames.
Grinder is moderately wounded.
The grasping roots constrict you!
The grasping roots release their grip on you.
3430 ||| DRINKING potion of heal wounds.
You feel much better. Grinder hits you but does no damage.
Grinder is burned by your cloak of flames.
Grinder is heavily wounded.
You hit Grinder.
Grinder is heavily wounded.
Grinder hits you.
You writhe in agony.
Grinder is burned by your cloak of flames.
Grinder is heavily wounded.
You emit a cloud of foul miasma!
You hit Grinder.
Grinder is severely wounded.
Grinder zaps a wand.
The roots erupt in riotous growth!
The grasping roots grab you!
Grinder is unaffected.
The grasping roots constrict you.
You hit Grinder.
Grinder is severely wounded.
Grinder gestures at you.
You suddenly lose the ability to move!
The grasping roots constrict you. Grinder gestures at you.
Pain shoots through your body! The grasping roots constrict you.
Grinder hits you but does no damage.
Grinder is burned by your cloak of flames.
Grinder is almost dead.
The grasping roots constrict you.
The grasping roots release their grip on you.
Grinder hits you.
You writhe in agony.
You die...

#....#....##.#
# #.[#
#..)....###
##..#
#.<.7.>.#
##.#.####
#.......###.#
#.###....
#....#....##.#
##.#.####
#...###...##.#
##..# #....#
#....#.# ##.#
...7.##
##.7...# #.#
.#... #.@5#.#
#.# #.##.#
##'##.# #.#
#....# #.#
####.# #.#
#.########.#
#.......##.#
#######.##.#
#.##.# #....#


You could see Grinder.

Vanquished Creatures
  Sigmund (D:2)
  2 adders (D:2)
  2 dart slugs
  5 ball pythons
  4 endoplasms
  7 giant cockroaches
  10 goblins
  3 hobgoblins
  6 kobolds
  6 quokkas
  3 bats
  2 frilled lizards (D:1)
  4 rats (D:1)
55 creatures vanquished.

Vanquished Creatures (others)
  2 plants (D:2)
2 creatures vanquished.

Grand Total: 57 creatures vanquished

Notes
Turn   | Place    | Note
-------+----------+-------------------------------------------
     0 | D:1      | qw the Demonspawn Cinder Acolyte began the quest for the
                  | Orb.
     0 | D:1      | Reached XP level 1. HP: 18/18 MP: 2/2
     0 | D:1      | 0 ||| qw: Version: 0.1-a-113-g051387a
     0 | D:1      | 0 ||| qw: Game counter: 6913
     0 | D:1      | 0 ||| qw: Always use a shield: true
     0 | D:1      | 0 ||| qw: God list: Okawaru
     0 | D:1      | 0 ||| qw: Allow faded altars: false
     0 | D:1      | 0 ||| qw: Do Orc after D:15 true
     0 | D:1      | 0 ||| qw: Do second Lair branch before Depths: true
     0 | D:1      | 0 ||| qw: Lair rune preference: random
     0 | D:1      | 0 ||| qw: Plans: Normal
     0 | D:1      | 0 ||| PLANNING D:1-11
   101 | D:1      | Reached skill level 3 in Axes
   240 | D:1      | Gained mutation: You are partially covered in icy blue
                  | scales. (AC +2) [demonic ancestry]
   240 | D:1      | Reached XP level 2. HP: 24/24 MP: 3/3
   266 | D:1      | Found a faded altar of an unknown god.
   972 | D:1      | Reached XP level 3. HP: 28/29 MP: 4/4
  1182 | D:1      | Reached skill level 4 in Axes
  1414 | D:1      | 1414 ||| UPGRADING to +0 ring mail.
  1424 | D:1      | 1424 ||| DROPPING +0 robe.
  1425 | D:1      | 1425 ||| UPGRADING to ring of willpower.
  1426 | D:1      | 1426 ||| READING 4 scrolls labelled UNKAR QUVVYTHU.
  1427 | D:1      | 1427 ||| READING scroll labelled URGHOE NOECZULA.
  1428 | D:1      | 1428 ||| READING scroll labelled YDISUDO GAARGH.
  1429 | D:1      | 1429 ||| READING scroll labelled RETEICV QONKI.
  1434 | D:1      | 1434 ||| READING scroll labelled ZEWOAL KUMMU.
  1435 | D:1      | 1435 ||| READING 3 scrolls labelled SAOWNU GOMURISE.
  1436 | D:1      | 1436 ||| READING scroll labelled JIEF FEITHRISSU.
  1437 | D:1      | 1437 ||| READING scroll labelled EKESAO WYPIK.
  1438 | D:1      | 1438 ||| READING 2 scrolls of identify.
  1438 | D:1      | 1438 ||| IDENTIFYING coppery potion
  1439 | D:1      | 1439 ||| DROPPING 3 scrolls of noise.
  1712 | D:2      | Noticed Sigmund
  1730 | D:2      | Killed Sigmund
  1731 | D:2      | Reached skill level 5 in Axes
  1731 | D:2      | Gained mutation: You may rarely emit foul miasma when
                  | damaged in melee. [demonic ancestry]
  1731 | D:2      | Reached XP level 4. HP: 26/35 MP: 5/5
  1731 | D:2      | Reached XP level 5. HP: 30/41 MP: 6/6
  1731 | D:2      | 1731 ||| Stepping ~*~*~tactically~*~*~ (stealth).
  1941 | D:2      | 1941 ||| Stepping ~*~*~tactically~*~*~ (hiding).
  2508 | D:2      | Found a runed translucent door.
  2509 | D:2      | Noticed Crazy Yiuf
  2597 | D:2      | 2597 ||| UPGRADING to +0 chain mail.
  2607 | D:2      | 2607 ||| DROPPING +0 ring mail.
  2608 | D:2      | 2608 ||| UPGRADING to ring of poison resistance.
  2609 | D:2      | 2609 ||| UPGRADING to +6 ring of dexterity.
  2611 | D:2      | 2611 ||| DRINKING 2 glowing ruby potions.
  2684 | D:3      | 2684 ||| STAIRDANCE
  2864 | D:3      | 2864 ||| INVOKING Fiery Armour.
  2865 | D:3      | 2865 ||| STAIRDANCE
  3287 | D:3      | 3287 ||| SWAPPING to +0 war axe.
  3419 | D:3      | Noticed Grinder
  3420 | D:3      | 3420 ||| Stepping ~*~*~tactically~*~*~ (hiding).
  3429 | D:3      | 3429 ||| INVOKING Fiery Armour.
  3429 | D:3      | HP: 2/41 [constriction (9)]
  3430 | D:3      | 3430 ||| DRINKING potion of heal wounds.
  3433 | D:3      | Paralysed by Grinder for 5 turns
  3435 | D:3      | HP: 1/41 [Grinder (4)]
  3435 | D:3      | Slain by Grinder

Levels and vault maps discovered:
D:1:      spicycebolla_arrival_clurvy, layout_loops_corners,
          dreamdust_ecumenical_altar_hidden_monk_grotto
D:2:      layout_loops_corners, serial_bayou_ford_a, uniq_crazy_yiuf_cottage,
          uniq_sigmund
D:3:      layout_loops_ring, grunt_gozag_breadcrumbs, grunt_ministairs_13,
          uniq_robin, uniq_grinder, uniq_terence

Skill      XL: |  1  2  3 |
---------------+----------+-----
Axes           | 3 5 |  5.8
Fighting       | |  3.0
Armour         | |  0.8
Dodging        | |  0.8
Spellcasting   | |  1.0
Fire Magic     | |  2.6

Action                   |  1- 3 |  4- 6 || total
-------------------------+-------+-------++-------
Melee: Hand axe          |   113 |    70 ||   183
       Punch             |     1 |     2 ||     3
       War axe           |       |    21 ||    21
Invok: Fiery Armour      |       |     2 ||     2
  Use: Scroll            |     9 |       ||     9
       Potion            |       |     2 ||     2
Armor: Robe              |    24 |       ||    24
       Ring mail         |     9 |    12 ||    21
       Chain mail        |       |    36 ||    36
Dodge: Dodged            |    44 |    30 ||    74

Table legend:
 A = Non-vault XP
 B = Vault XP
 C = Vault XP percentage of total XP
 D = Non-vault monster count
 E = Vault monster count
 F = Vault count percentage of total count
                 A         B        C        D         E       F
            +---------+---------+-------+---------+---------+-------
      Total |     117 |     236 |  66.9 |      51 |       4 |   7.3
            +---------+---------+-------+---------+---------+-------
        D:1 |      52 |       0 |   0.0 |      29 |       0 |   0.0
        D:2 |      43 |     233 |  84.4 |      11 |       2 |  15.4
        D:3 |      22 |       3 |  12.0 |      11 |       2 |  15.4
            +---------+---------+-------+---------+---------+-------
